 Dungeon Crawl Stone Soup version bcrawl-1.40.2 (webtiles) character file.

Game seed: 5245798065216717479

418085 polpettosauro the Thaumaturge (level 16, -4/125 HPs)
             Began as a Gnoll Wanderer on Nov 19, 2023.
             Was an Initiate of Gozag.
             Killed from afar by a lich (49 damage)
             ... with a crystal spear
             ... on level 1 of the Abyss.
             The game lasted 01:41:58 (28000 turns).

polpettosauro the Thaumaturge (Gnoll Wanderer)     Turns: 28000, Time: 01:41:58

Health: -4/125     AC: 18    Str: 16 (19) XL:     16   Next: 3%
Magic:  34/40      EV: 18    Int: 12 (15) God:    Gozag
Gold:   6459       SH: 10    Dex: 15 (17) Spells: 12/37 levels left

rFire    . . .     GDR:     35% m - +1 broad axe (chop)
rCold    . . .     SeeInvis .   s - +2 buckler
rNeg     . . .     Gourm    .   v - +0 steam dragon scales
rPois    +         Faith    .   q - +1 helmet
rElec    .         Spirit   .   P - +0 cloak
rCorr    .         Reflect  .   L - +2 pair of gloves
MR       ++...                  (no boots)
Stlth    +++++.....             Z - amulet of magic regeneration
HPRegen  1.30/turn              N - ring "Gullanuho" {rPois MP+9 AC+4}
MPRegen  0.61/turn              w - ring of protection from magic

@: regenerating
A: distributed training, fangs 1, strong nose
a: Potion Petition, Call Merchant, Bribe Branch, Renounce Religion


You were on level 1 of the Abyss.
You worshipped Gozag.
Gozag was greatly pleased with you.
You were not hungry.

You visited 5 branches of the dungeon, and saw 21 of its levels.
You visited the Abyss 1 time.
You also visited: Ossuary.

You collected 6571 gold pieces.
You paid 112 gold pieces to Gozag.

Inventory:

Hand Weapons
 m - a +1 broad axe of chopping (weapon)
 E - a +1 dagger of electrocution
Missiles
 k - 115 javelins (quivered)
 x - 155 javelins of penetration {=f}
 H - 2 throwing nets {=f}
Armour
 q - a +1 helmet (worn)
 s - a +2 buckler (worn)
 v - +0 steam dragon scales (worn)
 F - the +4 scale mail of the Sky {rElec Slay+3, unknown}
   (You found it on level 11 of the Dungeon)

   It affects your accuracy and damage with ranged weapons and melee attacks
   (+3).
   It insulates you from electricity.
 I - a +0 medium shield
 L - a +2 pair of gloves (worn)
 P - a +0 cloak (worn)
Jewellery
 w - a ring of protection from magic (right hand)
 N - the ring "Gullanuho" (left hand) {rPois MP+9 AC+4}
   (You found it on level 9 of the Dungeon)

   [ring of protection]

   It affects your AC (+4).
   It protects you from poison.
   It affects your magic capacity (+9).
 O - an uncursed ring of protection from cold
 T - an uncursed ring of positive energy
 Z - an amulet of magic regeneration (around neck)
Wands
 b - a wand of disintegration (37)
 C - a wand of iceblast (7)
 D - a wand of polymorph (3)
 J - a wand of digging (10)
 Q - a wand of flame (20)
 U - a wand of acid (3)
 X - a wand of random effects (6)
Scrolls
 a - 3 scrolls of noise {unknown}
 g - 2 scrolls of immolation {unknown}
 i - 3 scrolls of identify
 l - 8 scrolls of remove curse
 u - a scroll of enchant armour
 y - 8 scrolls of teleportation
 M - a scroll of enchant weapon {unknown}
 S - a scroll of revelation {unknown}
 W - 2 scrolls of amnesia {unknown}
 Y - a scroll of fog
Potions
 c - a potion of heal wounds
 d - a potion of cancellation {unknown}
 f - 3 potions of agility
 h - 2 potions of flight
 j - 4 potions of lignification
 o - 2 potions of haste
 p - 6 potions of curing
 r - 5 potions of mutation
 z - a potion of invisibility
 A - 6 potions of resistance
 B - 3 potions of brilliance
 K - 2 potions of berserk rage {unknown}
 R - a potion of ambrosia
 V - a potion of magic {unknown}
Miscellaneous
 t - a lightning rod (1/4)
Comestibles
 e - 13 rations {!d}


   Skills:
 + Level 11.2 Fighting
 + Level 10.3 Short Blades
 + Level 10.3 Long Blades
 + Level 10.3 Axes
 + Level 10.3 Maces & Flails
 + Level 10.3 Polearms
 + Level 10.3 Staves
 + Level 10.3 Slings
 + Level 10.6 Bows
 + Level 10.3 Crossbows
 + Level 10.3 Throwing
 + Level 10.3 Armour
 + Level 10.3 Dodging
 + Level 11.2 Stealth
 + Level 10.3 Shields
 + Level 10.3 Unarmed Combat
 + Level 11.3 Spellcasting
 + Level 8.7 Conjurations
 + Level 8.7 Hexes
 + Level 8.7 Charms
 + Level 8.7 Summonings
 + Level 8.7 Necromancy
 + Level 8.7 Translocations
 + Level 8.7 Transmutations
 + Level 8.7 Fire Magic
 + Level 8.7 Ice Magic
 + Level 8.7 Air Magic
 + Level 8.7 Earth Magic
 + Level 10.2 Poison Magic
 + Level 11.1 Invocations
 + Level 10.3 Evocations


You had 12 spell levels left.
You knew the following spells:

 Your Spells              Type           Power        Failure   Level  Hunger
a - Sandblast             Erth           ####..       1%          1    None
b - Infusion              Chrm           ####....     1%          1    None
c - Slow                  Hex            ####....     1%          1    None
d - Summon Butterflies    Summ           ####....     1%          1    None
e - Mephitic Cloud        Conj/Pois/Air  ####....     1%          3    None
f - Ignite Poison         Fire/Tmut/Pois ####....     1%          3    None
g - Venom Bolt            Conj/Pois      ####......   9%          5    ###....
h - Freezing Cloud        Ice/Air        ####....     12%         5    ###....
i - Blink                 Tloc           N/A          1%          2    None
j - Regeneration          Chrm/Necr      ####......   1%          3    None

Your spell library contained the following spells:

 Spells                   Type           Power        Failure   Level  Hunger
 Apportation              Tloc           ####..       1%          1    None
 Corona                   Hex            ####...      1%          1    None
 Magic Dart               Conj           ####         1%          1    None
 Static Discharge         Air            ####..       1%          1    None
 Sting                    Conj/Pois      ####         1%          1    None
 Call Imp                 Summ           ####..       1%          2    None
 Passwall                 Tmut/Erth      ####....     1%          2    None
 Poisonous Vapours        Pois/Air       ####..       1%          2    None
 Shackle                  Hex            ####....     1%          2    None
 Shock                    Conj/Air       ####...      1%          2    None
 Song of Slaying          Chrm           ####....     1%          2    None
 Swiftness                Chrm/Air       ####....     1%          2    None
 Conjure Flame            Conj/Fire      ####....     1%          3    None
 False Image              Hex/Summ       ####....     1%          3    None
 Inner Flame              Hex/Fire       N/A          1%          3    None
 Ozocubu's Armour         Chrm/Ice       ####....     1%          3    None
 Spectral Weapon          Hex/Chrm       ####....     1%          3    None
 Spider Form              Tmut/Pois      ###          1%          3    None
 Stone Arrow              Conj/Erth      ####..       1%          3    None
 Olgreb's Toxic Radiance  Pois           ####.....    2%          4    None
 Summon Scorpions         Summ/Pois      ####....     3%          4    None
 Cause Fear               Hex            ####......   4%          4    None
 Lightning Bolt           Conj/Air       ####....     4%          4    None
 Petrify                  Tmut/Erth      ####......   4%          4    None
 Yara's Violent Unravell  Hex/Tmut       ####......   4%          4    None
 Bolt of Magma            Conj/Fire/Erth ####......   12%         5    ###....
 Lee's Rapid Deconstruct  Erth           ####......   12%         5    ###....
 Steam Barrier            Chrm/Fire      ####......   12%         5    ###....
 Iron Shot                Conj/Erth      ####......   56%         6    #####..
 Statue Form              Tmut/Erth      ####.....    56%         6    #####..
 Shatter                  Erth           ####......   100%        9    #######


Dungeon Overview and Level Annotations

Branches:
Dungeon (12/12)            Temple (1/1) D:7            Lair (6/6) D:9
 Shoals (0/3) Lair:2       Spider (1/3) Lair:3        Slime (0/5) Orc
    Orc (1/1) D:9             Elf (0/3) Lair:6       Vaults (0/3) D:11
 Depths (0/5) D:12

Altars:
Ashenzari
Cheibriados
Dithmenos
Elyvilon
Fedhas
Gozag
Hepliaklqana
Kikubaaqudgha
Lugonu
Makhleb
Nemelex Xobeh
Okawaru
Qazlal
Ru
Sif Muna
Trog
Uskayaw
Vehumet
Wu Jian
Xom
Yredelemnul
Zin
The Shining One
Jiyva

Shops:
D:4 *   D:11 !!=**   Orc :((%?

Portals:
Abyss: Lair:6
Pandemonium:
Orc
Trove: D:10 (give 3 potions of haste)

Annotations:
D:6 1 runed translucent door, Finalfun's ghost, novice DsAK
D:9 1 runed translucent door, Mehrunes's ghost, novice DgFi
D:12 1 runed translucent door, kuniqs's ghost, journeyman DsFi
Lair:2 3 runed translucent doors, exclusion: 3 oklob plants, Mehrunes's ghost, journeyman VSMo
Spider:1 Louise


Innate Abilities, Weirdness & Mutations

Your experience applies equally to all skills.
You have very sharp teeth.
Your uncanny sense of smell can sniff out nearby items.


Message History

Aim: a lich (not susceptible)
The ball explodes into a vile cloud!
The stinking cloud engulfs the lich but does no damage.
The lich points at you and mumbles some strange words.
The iron shot hits you!!!
Ouch! That really hurt!
* * * LOW HITPOINT WARNING * * *
Casting: Mephitic Cloud (safe; 1% risk of failure)
Confirm with . or Enter, or press ? or * to list all spells.
You ignite the poison in your surroundings!
The lich is engulfed in blazing flames.
The lich mumbles some strange words.
The lich flickers and vanishes!
Deactivating autopickup; reactivate with Ctrl-A.
You feel much better.
You hear some strange, mumbled words.
A crystal spear appears from out of thin air!
The crystal spear hits you!!!
You die...
Your body crumbles into a pile of gold.

∆ # . #
...## .
### #.
... #@##
..... .
#{.# .#
.# #°#.#
. . . ○○
## ...
...# # #
#..##...#
.## #..[
.. .
...... .
..# .....
.. #


There were no monsters in sight!

Vanquished Creatures
  Agnes (Lair:3)
  Kirke (Lair:6)
  A ghost moth (Lair:3)
  A spark wasp (Spider:1)
  4 hydras
  8 vault guards (D:11)
  A catoblepas (D:10)
  Harold (Orc)
  An anaconda (Lair:1)
  3 two-headed ogres
  A sea snake (Orc)
  3 orc high priests (Orc)
  2 tengu warriors
  4 thrashing horrors (Lair:6)
  A sixfirhy (Orc)
  3 centaur warriors
  2 torturous demonspawn (Orc)
  An unseen horror (D:11)
  A large abomination (Lair:6)
  A gelid demonspawn (Orc)
  4 orc knights (Orc)
  A cyclops (D:11)
  A lindwurm (shapeshifter) (Lair:6)
  3 wolf spiders
  5 oklob plants
  Pikel (D:7)
  A deep elf mage (D:12)
  3 orb spiders (Spider:1)
  A salamander (D:12)
  An ugly thing (D:11)
  8 orc sorcerers (Orc)
  3 manticores
  A black mamba (shapeshifter) (Lair:6)
  18 elephants
  A rust devil (Orc)
  A water nymph (Lair:2)
  2 orange demons (Orc)
  A black mamba (Lair:5)
  15 cane toads
  A gargoyle (D:8)
  9 rime drakes
  2 demonic crawlers (Spider:1)
  9 komodo dragons
  2 jumping spiders (Spider:1)
  A rime drake (shapeshifter) (D:11)
  An eye of draining (D:10)
  A hellwing (Orc)
  A queen bee (Lair:3)
  3 ancient zymes
  A tengu conjurer (D:12)
  A red devil (Orc)
  3 meliai (D:12)
  2 polar bears (Lair:6)
  Maurice (D:9)
  A merfolk (D:9)
  3 trolls
  A wind drake (shapeshifter) (Lair:6)
  19 blink frogs
  4 harpy skeletons
  A meliai zombie (D:10)
  11 hippogriffs
  Grum (Lair:6)
  Sigmund (D:3)
  3 ynoxinuls
  16 yaks
  A shadow (D:11)
  5 tarantellas
  5 wyverns
  2 water elementals (Lair:2)
  2 chaos spawn (Lair:6)
  7 basilisks (Lair:6)
  3 hungry ghosts (D:10)
  10 redbacks
  Edmund (D:3)
  3 vampire mosquitoes (D:12)
  Duvessa (D:7)
  7 water moccasins
  A warg (Orc)
  15 crocodiles
  2 acid dragons (D:12)
  7 porcupines
  A soldier ant (shapeshifter) (D:10)
  19 orc warriors (Orc)
  5 ice beasts
  4 slaves (D:7)
  2 hornet zombies
  A black bear (Lair:1)
  3 sky beasts
  2 necrophages
  5 ogres
  9 wolves
  A blink frog skeleton (D:10)
  12 bullfrogs
  An elf zombie (Ossuary)
  Blork the orc (D:5)
  3 kobold brigands
  2 gnoll sergeants
  An elf skeleton (D:5)
  2 centaurs
  6 small abominations (Lair:6)
  Dowan (D:7)
  A scorpion (D:12)
  15 killer bees
  3 howler monkeys (D:9)
  11 wights
  18 orc priests
  2 electric eels (D:9)
  5 crimson imps
  2 bullfrog zombies
  10 orc wizards
  3 hounds
  A jelly (D:10)
  3 human skeletons (D:5)
  2 bullfrog skeletons (D:4)
  Ijyb (D:4)
  An iguana (D:4)
  6 worker ants
  A porcupine skeleton (D:10)
  3 hound skeletons
  2 mummies (Ossuary)
  Robin (D:4)
  2 howler monkey skeletons
  A centaur zombie (Ossuary)
  7 gnolls
  9 adders
  3 shadow imps
  2 oozes
  2 adder skeletons
  5 adder zombies
  3 worms
  A dart slug (D:3)
  3 leopard geckos (D:2)
  37 orcs
  7 bats
  2 giant cockroaches
  9 goblins
  8 hobgoblins
  22 jackals
  4 quokkas
  2 frilled lizards (D:2)
  A goblin zombie (Ossuary)
  8 hobgoblin zombies (Ossuary)
  21 kobolds
  11 kobold zombies (Ossuary)
  An orc skeleton (D:5)
  11 orc zombies
  6 rats
  2 rat zombies (Ossuary)
  2 butterflies (Lair:1)
  2 fungi (Lair:6)
  3 plants
652 creatures vanquished.

Vanquished Creatures (collateral kills)
  2 small abominations (Lair:6)
2 creatures vanquished.

Vanquished Creatures (others)
  4 humans (Lair:6)
  A crocodile (Lair:6)
  2 orc priests (Orc)
  A bush (Lair:6)
  25 fungi
  28 plants
61 creatures vanquished.

Grand Total: 715 creatures vanquished

Notes
Turn   | Place    | Note
-------+----------+-------------------------------------------
     0 | D:1      | polpettosauro the Gnoll Wanderer began the quest for the
                  | Orb.
     0 | D:1      | polpettosauro set off with the following items: a +2
                  | shortbow, 148 arrows, a potion of agility, a ration {!d}, a
                  | +0 dagger, a +0 robe; and the following spells available to
                  | memorise: Apportation, Corona, Infusion, Sandblast, Slow,
                  | Summon Butterflies
     0 | D:1      | Reached XP level 1. HP: 20/20 MP: 6/6
     2 | D:1      | Learned a level 1 spell: Sandblast
     4 | D:1      | Learned a level 1 spell: Infusion
     6 | D:1      | Learned a level 1 spell: Slow
     8 | D:1      | Learned a level 1 spell: Summon Butterflies
   134 | D:1      | Reached XP level 2. HP: 26/26 MP: 7/7
   792 | D:2      | Reached skill level 5 in Spellcasting
   792 | D:2      | Reached XP level 3. HP: 31/31 MP: 7/9
  1148 | D:2      | Reached skill level 1 in Invocations
  1182 | D:2      | Found a sacrificial altar of Ru.
  1190 | D:2      | Reached skill level 1 in Short Blades
  1190 | D:2      | Reached skill level 1 in Long Blades
  1190 | D:2      | Reached skill level 1 in Axes
  1190 | D:2      | Reached skill level 1 in Maces & Flails
  1190 | D:2      | Reached skill level 1 in Polearms
  1190 | D:2      | Reached skill level 1 in Staves
  1190 | D:2      | Reached skill level 1 in Slings
  1190 | D:2      | Reached skill level 1 in Crossbows
  1190 | D:2      | Reached skill level 1 in Throwing
  1190 | D:2      | Reached skill level 1 in Armour
  1190 | D:2      | Reached skill level 1 in Dodging
  1190 | D:2      | Reached skill level 1 in Shields
  1190 | D:2      | Reached skill level 1 in Unarmed Combat
  1190 | D:2      | Reached skill level 1 in Evocations
  1511 | D:3      | Reached XP level 4. HP: 38/38 MP: 11/11
  1796 | D:3      | Noticed Sigmund
  2001 | D:3      | Killed Sigmund
  2002 | D:3      | Reached skill level 1 in Conjurations
  2002 | D:3      | Reached skill level 1 in Hexes
  2002 | D:3      | Reached skill level 1 in Charms
  2002 | D:3      | Reached skill level 1 in Summonings
  2002 | D:3      | Reached skill level 1 in Necromancy
  2002 | D:3      | Reached skill level 1 in Translocations
  2002 | D:3      | Reached skill level 1 in Transmutations
  2002 | D:3      | Reached skill level 1 in Fire Magic
  2002 | D:3      | Reached skill level 1 in Ice Magic
  2002 | D:3      | Reached skill level 1 in Air Magic
  2002 | D:3      | Reached skill level 1 in Earth Magic
  2002 | D:3      | Reached XP level 5. HP: 30/43 MP: 12/12
  2002 | D:3      | Reached XP level 6. HP: 35/50 MP: 13/13
  2404 | D:4      | Noticed Robin
  2406 | D:4      | Noticed Edmund
  3298 | D:3      | Killed Edmund
  3299 | D:3      | Reached skill level 5 in Fighting
  3299 | D:3      | Reached skill level 5 in Stealth
  3336 | D:4      | Noticed Ijyb
  3342 | D:4      | Found a hazy altar of Hepliaklqana.
  3347 | D:4      | Reached XP level 7. HP: 29/56 MP: 15/15
  3435 | D:4      | Killed Ijyb
  3983 | D:4      | Killed Robin
  4048 | D:4      | Reached XP level 8. HP: 56/63 MP: 16/16
  4058 | D:4      | Found Qanennol's Assorted Antiques.
  4291 | D:5      | Entered Level 5 of the Dungeon
  4423 | D:5      | Found a sand-covered staircase.
  4434 | Ossuary  | Entered an ossuary
  5059 | D:5      | Noticed Blork the orc
  5067 | D:5      | Killed Blork the orc
  5369 | D:6      | Reached XP level 9. HP: 69/69 MP: 18/18
  5562 | D:6      | Found a runed translucent door.
  5562 | D:6      | Noticed Finalfun's ghost (novice DsAK)
  6469 | D:7      | Noticed a troll
  6622 | D:7      | Noticed Duvessa
  6622 | D:7      | Noticed Dowan
  6624 | D:7      | Noticed Pikel
  6666 | D:7      | Killed Duvessa
  6697 | D:7      | Killed Dowan
  6721 | D:7      | Killed Pikel
  6722 | D:7      | Reached skill level 5 in Bows
  6929 | D:7      | Reached skill level 5 in Invocations
  7107 | D:7      | Killed a troll
  7108 | D:7      | Reached XP level 10. HP: 77/77 MP: 20/20
  7172 | D:7      | Found a staircase to the Ecumenical Temple.
  7295 | Temple   | Entered the Ecumenical Temple
  7592 | Temple   | Became a worshipper of Gozag Ym Sagoz the Greedy
  7612 | D:8      | Noticed a two-headed ogre
  7816 | D:7      | Reached skill level 5 in Short Blades
  7816 | D:7      | Reached skill level 5 in Long Blades
  7816 | D:7      | Reached skill level 5 in Axes
  7816 | D:7      | Reached skill level 5 in Maces & Flails
  7816 | D:7      | Reached skill level 5 in Polearms
  7816 | D:7      | Reached skill level 5 in Staves
  7816 | D:7      | Reached skill level 5 in Slings
  7816 | D:7      | Reached skill level 5 in Crossbows
  7816 | D:7      | Reached skill level 5 in Throwing
  7816 | D:7      | Reached skill level 5 in Armour
  7816 | D:7      | Reached skill level 5 in Dodging
  7816 | D:7      | Reached skill level 5 in Shields
  7816 | D:7      | Reached skill level 5 in Unarmed Combat
  7816 | D:7      | Reached skill level 5 in Evocations
  7966 | D:7      | Killed a two-headed ogre
  8567 | D:8      | Noticed a gargoyle
  8604 | D:8      | Killed a gargoyle
  8822 | D:9      | Noticed Maurice
  9003 | D:9      | Found a stormy altar of Qazlal.
  9015 | D:9      | Killed Maurice
  9156 | D:9      | Reached XP level 11. HP: 53/84 MP: 22/22
  9322 | D:9      | Got a warped tin ring
  9443 | D:9      | Found a staircase to the Orcish Mines.
  9444 | D:9      | Identified the ring "Gullanuho" {rPois MP+9 AC+4} (You
                  | found it on level 9 of the Dungeon)
  9526 | D:9      | Found a staircase to the Lair.
  9556 | D:9      | Found a runed translucent door.
  9557 | D:9      | Identified the +2 spear "Ussel" {pain, +Inv rF+ rC++ Str-2}
  9585 | D:9      | Noticed Mehrunes's ghost (novice DgFi)
  9992 | Lair:1   | Entered Level 1 of the Lair of Beasts
 10318 | Lair:1   | Reached skill level 5 in Conjurations
 10318 | Lair:1   | Reached skill level 5 in Hexes
 10318 | Lair:1   | Reached skill level 5 in Charms
 10318 | Lair:1   | Reached skill level 5 in Summonings
 10318 | Lair:1   | Reached skill level 5 in Necromancy
 10318 | Lair:1   | Reached skill level 5 in Translocations
 10318 | Lair:1   | Reached skill level 5 in Transmutations
 10318 | Lair:1   | Reached skill level 5 in Fire Magic
 10318 | Lair:1   | Reached skill level 5 in Ice Magic
 10318 | Lair:1   | Reached skill level 5 in Air Magic
 10318 | Lair:1   | Reached skill level 5 in Earth Magic
 11022 | Lair:1   | Noticed an anaconda
 11074 | Lair:1   | Killed an anaconda
 11593 | Lair:1   | Learned a level 3 spell: Mephitic Cloud
 11643 | Lair:2   | Found a runed translucent gate.
 11645 | Lair:2   | Found a runed translucent gate.
 11646 | Lair:2   | Noticed a nine-headed hydra
 11647 | Lair:2   | Found a runed translucent gate.
 11648 | Lair:2   | Noticed Mehrunes's ghost (journeyman VSMo)
 11648 | Lair:2   | Noticed a 12-headed hydra
 11763 | Lair:2   | Noticed an oklob plant
 11763 | Lair:2   | Noticed an oklob plant
 11763 | Lair:2   | Noticed an oklob plant
 11977 | Lair:2   | Reached XP level 12. HP: 93/93 MP: 24/24
 12910 | Lair:3   | Found a hole to the Spider Nest.
 13074 | Lair:3   | Learned a level 3 spell: Ignite Poison
 14244 | Lair:4   | Noticed a six-headed hydra
 14330 | Lair:4   | Killed a six-headed hydra
 15348 | Lair:5   | Reached XP level 13. HP: 101/101 MP: 26/26
 16650 | Lair:6   | Entered Level 6 of the Lair of Beasts
 16667 | Lair:6   | Noticed Kirke
 16677 | Lair:6   | Killed Kirke
 16796 | Lair:6   | Noticed Grum
 16814 | Lair:6   | Killed Grum
 16912 | Lair:6   | Found a sacrificial altar of Ru.
 16917 | Lair:6   | Found a staircase to the Elven Halls.
 17106 | Lair:6   | Reached skill level 10 in Spellcasting
 17145 | Lair:6   | Reached XP level 14. HP: 109/109 MP: 28/28
 17539 | Lair:6   | Reached skill level 10 in Fighting
 17539 | Lair:6   | Reached skill level 10 in Stealth
 17757 | Lair:6   | Got a steaming long sword
 17978 | Lair:6   | Found a corrupted altar of Lugonu.
 17980 | Lair:6   | Found a one-way gate to the infinite horrors of the Abyss.
 18824 | Lair:6   | Identified the +12 long sword of Vanity {elec, *Noise Int+2
                  | Dex+3} (You found it on level 6 of the Lair of Beasts)
 18992 | Orc      | Entered the Orcish Mines
 19502 | Orc      | Found Nyotworghi's Food Shop.
 19504 | Orc      | Found Ipaefrang's Magic Scroll Boutique.
 19562 | Orc      | Reached skill level 10 in Invocations
 19843 | Orc      | Learned a level 5 spell: Venom Bolt
 19849 | Orc      | Learned a level 5 spell: Freezing Cloud
 20582 | Orc      | Reached XP level 15. HP: 57/117 MP: 29/29
 20681 | Orc      | Found Uthuk's Book Emporium.
 20681 | Orc      | Found Zekaig's Antique Weapon Shoppe.
 20682 | Orc      | Found a one-way gate leading to the halls of Pandemonium.
 20845 | Orc      | Found Aplogoah's Antique Weapon Emporium.
 20910 | Orc      | Noticed Harold
 20927 | Orc      | Killed Harold
 21122 | Orc      | Found a viscous altar of Jiyva.
 21227 | Orc      | Found a staircase to the Slime Pits.
 21732 | Orc      | Reached skill level 10 in Bows
 22162 | D:10     | Entered Level 10 of the Dungeon
 22222 | D:10     | Found a portal to a secret trove of treasure.
 23856 | D:11     | Found a gate to the Vaults.
 23873 | D:11     | Reached skill level 10 in Poison Magic
 24020 | D:11     | Got an ichor-stained scale mail
 24056 | D:11     | Found Papush's Distillery.
 24141 | D:11     | Found Heulimm's Assorted Antiques.
 24215 | D:11     | Found Ymmuameuca's Jewellery Emporium.
 24219 | D:11     | Found Yleol's Distillery.
 24639 | D:11     | Found Yweiffa's Assorted Antiques.
 24912 | D:11     | Reached skill level 10 in Short Blades
 24912 | D:11     | Reached skill level 10 in Long Blades
 24912 | D:11     | Reached skill level 10 in Axes
 24912 | D:11     | Reached skill level 10 in Maces & Flails
 24912 | D:11     | Reached skill level 10 in Polearms
 24912 | D:11     | Reached skill level 10 in Staves
 24912 | D:11     | Reached skill level 10 in Slings
 24912 | D:11     | Reached skill level 10 in Crossbows
 24912 | D:11     | Reached skill level 10 in Throwing
 24912 | D:11     | Reached skill level 10 in Armour
 24912 | D:11     | Reached skill level 10 in Dodging
 24912 | D:11     | Reached skill level 10 in Shields
 24912 | D:11     | Reached skill level 10 in Unarmed Combat
 24912 | D:11     | Reached skill level 10 in Evocations
 24991 | D:12     | Entered Level 12 of the Dungeon
 24992 | D:12     | Found a runed translucent door.
 25403 | D:12     | Noticed kuniqs's ghost (journeyman DsFi)
 25407 | D:12     | Identified the cursed +2 spear of the Vase {protect, Int+3}
 25683 | D:12     | Found a staircase to the Depths.
 25936 | D:12     | Learned a level 2 spell: Blink
 25940 | D:12     | Learned a level 3 spell: Regeneration
 26097 | Spider:1 | Entered Level 1 of the Spider Nest
 26097 | Spider:1 | Noticed Agnes
 26116 | Lair:3   | Killed Agnes
 27043 | Lair:3   | Found a hole to the Spider Nest.
 27281 | Lair:3   | HP: 4/118 [poisoned by a ghost moth]
 27283 | Lair:2   | HP: 1/118 [poisoned by a ghost moth]
 27483 | Lair:3   | Killed a ghost moth
 27839 | Spider:1 | Reached XP level 16. HP: 35/125 MP: 23/31
 27860 | Spider:1 | Noticed Louise
 27872 | Spider:1 | Cast into level 1 of the Abyss (Louise)
 27995 | Abyss:1  | Noticed a lich
 28000 | Abyss:1  | Killed from afar by a lich

Skill      XL: |  1  2  3  4  5  6  7  8  9 10 11 12 13 14 15 |
---------------+----------------------------------------------+-----
Spellcasting   | 5 6 7 8 9 10 11 | 11.3
Invocations    | 1 2 3 4 5 6 7 8 9 10 11 | 11.1
Short Blades   | 1 2 3 4 5 6 7 8 9 10 | 10.3
Long Blades    | 1 2 3 4 5 6 7 8 9 10 | 10.3
Axes           | 1 2 3 4 5 6 7 8 9 10 | 10.3
Maces & Flails | 1 2 3 4 5 6 7 8 9 10 | 10.3
Polearms       | 1 2 3 4 5 6 7 8 9 10 | 10.3
Staves         | 1 2 3 4 5 6 7 8 9 10 | 10.3
Slings         | 1 2 3 4 5 6 7 8 9 10 | 10.3
Crossbows      | 1 2 3 4 5 6 7 8 9 10 | 10.3
Throwing       | 1 2 3 4 5 6 7 8 9 10 | 10.3
Armour         | 1 2 3 4 5 6 7 8 9 10 | 10.3
Dodging        | 1 2 3 4 5 6 7 8 9 10 | 10.3
Shields        | 1 2 3 4 5 6 7 8 9 10 | 10.3
Unarmed Combat | 1 2 3 4 5 6 7 8 9 10 | 10.3
Evocations     | 1 2 3 4 5 6 7 8 9 10 | 10.3
Bows           | 3 4 5 6 7 8 9 10 | 10.6
Conjurations   | 1 2 3 4 5 6 7 8 |  8.7
Hexes          | 1 2 3 4 5 6 7 8 |  8.7
Charms         | 1 2 3 4 5 6 7 8 |  8.7
Summonings     | 1 2 3 4 5 6 7 8 |  8.7
Necromancy     | 1 2 3 4 5 6 7 8 |  8.7
Translocations | 1 2 3 4 5 6 7 8 |  8.7
Transmutations | 1 2 3 4 5 6 7 8 |  8.7
Fire Magic     | 1 2 3 4 5 6 7 8 |  8.7
Ice Magic      | 1 2 3 4 5 6 7 8 |  8.7
Air Magic      | 1 2 3 4 5 6 7 8 |  8.7
Earth Magic    | 1 2 3 4 5 6 7 8 |  8.7
Fighting       | 5 6 7 8 9 10 11 | 11.2
Stealth        | 5 6 7 8 9 10 11 | 11.2
Poison Magic   | 6 7 8 9 10 | 10.2

Action                   |  1- 3 |  4- 6 |  7- 9 | 10-12 | 13-15 | 16-18 || total
-------------------------+-------+-------+-------+-------+-------+-------++-------
Melee: Dagger            |    11 |     4 |    95 |   398 |   621 |       ||  1129
       Bite              |     1 |     3 |    60 |    78 |    95 |       ||   237
       Flail             |       |     4 |    32 |       |       |       ||    36
       Morningstar       |       |       |   373 |   211 |       |       ||   584
       Broad axe         |       |       |       |       |    46 |     3 ||    49
 Fire: Shortbow          |    68 |    73 |    14 |       |       |       ||   155
       Hunting sling     |       |       |    10 |       |       |       ||    10
Throw: Javelin           |       |       |    13 |    27 |       |       ||    40
 Cast: Slow              |     4 |    11 |       |       |       |       ||    15
       Summon Butterflie |       |     5 |       |     9 |     3 |       ||    17
       Mephitic Cloud    |       |       |       |    68 |   195 |     3 ||   266
       Ignite Poison     |       |       |       |    24 |   102 |     1 ||   127
       Infusion          |       |       |       |     1 |       |       ||     1
       Freezing Cloud    |       |       |       |       |   127 |     9 ||   136
       Venom Bolt        |       |       |       |       |     6 |       ||     6
       Blink             |       |       |       |       |     2 |     2 ||     4
       Regeneration      |       |       |       |       |     2 |     2 ||     4
Evoke: Wand              |       |     6 |     2 |    22 |    13 |       ||    43
       Lightning rod     |       |       |       |       |    10 |       ||    10
  Use: Scroll            |     1 |     4 |     5 |    19 |     7 |     2 ||    38
       Potion            |       |       |     3 |       |     2 |     2 ||     7
 Stab: Sleeping          |       |       |    24 |    14 |     5 |       ||    43
       Distracted        |       |       |       |     1 |     5 |       ||     6
       Confused          |       |       |       |    11 |    18 |       ||    29
       Invisible         |       |       |       |       |     1 |       ||     1
       Petrified         |       |       |       |       |     1 |       ||     1
       Fleeing           |       |       |       |       |       |     1 ||     1
  Eat: Chunk             |     3 |     4 |    17 |     2 |       |       ||    26
       Ration            |       |     1 |     4 |    11 |    19 |     1 ||    36
Armor: Robe              |     5 |     6 |     2 |       |       |       ||    13
       Scale mail        |       |       |   185 |       |       |       ||   185
       Plate armour      |       |       |    73 |   240 |       |       ||   313
       Steam dragon scal |       |       |       |    54 |   223 |     1 ||   278
Dodge: Dodged            |    13 |    20 |   251 |   238 |   452 |     3 ||   977
Block: Buckler           |       |       |   236 |   240 |   298 |       ||   774
